[Event "2.liga E 25/26 (Vlcnov-Stare Mesto B)"]
[Site "Vlcnov"]
[Date "2025.10.12"]
[Round "1.1"]
[White "Gabriel, Adam"]
[Black "Stary, Simon"]
[Result "1-0"]
[ECO "A01"]
[WhiteElo "2266"]
[BlackElo "2065"]
[PlyCount "75"]
[EventDate "2025.10.12"]
[TimeControl "90+30"]
[WhiteClock "0:02:41"]
[BlackClock "0:07:49"]

1. b3  e5  2. Bb2  Nc6  3. e3  d5  4. Bb5
Bd6  5. Nf3  Qe7  6. c4  Nf6  7. c5  Bxc5  8.
Nxe5  Bd7  9. Bxc6  Bxc6  10. Nxc6  bxc6  11. Qc2  O-O  12. O-O  Rad8
13. Rc1  Bd6  14. Qf5  Ne4  15. Rxc6  Rfe8  16. Nc3  g6  17. Qg4  Qf6  18.
f4  Nxd2  19. Qe2  d4  20. Nb5  Qxf4  21. Nxd6  Qxe3+  22. Qxe3  Rxe3  23.
Nb7  Rd5  24. Rxc7  Re2  25. Ba3  h5  26. Rc8+  Kg7  27. Bf8+  Kh7  28. h4  Rf5  29. Bc5  Rf4  30. Rf8  f5  31. Rf7+  Kg8
 32. Re7  Ne4  33. Re8+  Kf7  34. Nd6+  Nxd6
35. Rxe2  Ne4  36. Bxd4  Ng3  37. Re3  Rg4  38. Bxa7  1-0

[Event "2.liga E 25/26 (Vlcnov-Stare Mesto B)"]
[Site "Vlcnov"]
[Date "2025.10.12"]
[Round "1.2"]
[White "Babula, Matej"]
[Black "Travnicek, Krystof Mikulas"]
[Result "1/2-1/2"]
[ECO "B13"]
[WhiteElo "2128"]
[BlackElo "2200"]
[PlyCount "39"]
[EventDate "2025.10.12"]
[TimeControl "90+30"]
[WhiteClock "0:45:58"]
[BlackClock "0:36:09"]

1. e4  c6  2. d4  d5  3. exd5  cxd5  4. Bd3
Nf6  5. c3  Bg4  6. Qb3  Qd7  7. Bf4  Nc6  8.
Nd2  e6  9. Ngf3  Bd6  10. Bxd6  Qxd6  11. O-O  O-O  12. Rae1  Bxf3  13. Nxf3
 Qc7  14. Qc2  Rfc8  15. Qe2  g6  16. Ne5
Nxe5  17. dxe5  Nd7  18. h4  Rab8  19. h5  Nc5  20. Rd1  1/2-1/2

[Event "2.liga E 25/26 (Vlcnov-Stare Mesto B)"]
[Site "Vlcnov"]
[Date "2025.10.12"]
[Round "1.3"]
[White "Mudrak, Josef"]
[Black "Soucek, Andrej"]
[Result "1-0"]
[ECO "E21"]
[WhiteElo "2186"]
[BlackElo "1994"]
[PlyCount "103"]
[EventDate "2025.10.12"]
[TimeControl "90+30"]
[WhiteClock "0:57:01"]
[BlackClock "0:03:49"]

1. d4  Nf6  2. Nf3  e6  3. c4  Bb4+  4. Nc3
b6  5. Qb3  Bxc3+  6. Qxc3  Ne4  7. Qc2  Bb7  8. g3  f5  9. Bg2  Nf6  10. O-O  d6  11. d5  exd5  12. Ng5  Qd7  13.
Rd1  c6  14. cxd5  cxd5  15. b4  Nc6  16. Qb3
Ne5  17. Bb2  Rd8  18. Nh3  Qf7  19. Nf4  O-O  20. Nxd5  Ne4  21. Bxe5
Bxd5  22. Rxd5  dxe5  23. Rxe5
 Rd4  24. Rxf5  Qxb3  25. Rxf8+  Kxf8  26. axb3  Rxb4  27. Bxe4  Rxe4  28.
Rxa7  Rxe2  29. Rb7  Re6  30. Kg2  Rd6  31. b4  Re6  32. b5  Kg8  33.
g4  g5  34. Kg3  h6  35. h4  Kh8  36. h5
Kg8  37. Rc7  Re5  38. Rc6  Rxb5  39. Rxh6  Kg7  40. Rg6+  Kh7  41. f3
Kh8  42. Rf6  Kg7  43. Rf5  Rxf5  44. gxf5  b5  45. Kf2  Kh6  46. f6  b4  47. Ke2  b3  48. Kd2  b2  49. Kc2  b1=Q+  50.
Kxb1  Kh7  51. Kc2  Kg8  52. h6  1-0

[Event "2.liga E 25/26 (Vlcnov-Stare Mesto B)"]
[Site "Vlcnov"]
[Date "2025.10.12"]
[Round "1.4"]
[White "Stara, Zuzana"]
[Black "Dvorak, Martin"]
[Result "0-1"]
[ECO "B31"]
[WhiteElo "1950"]
[BlackElo "2198"]
[PlyCount "82"]
[EventDate "2025.10.12"]
[TimeControl "90+30"]
[WhiteClock "0:21:29"]
[BlackClock "0:31:16"]

1. e4  c5  2. Nf3  Nc6  3. Bb5  g6  4. c3
Bg7  5. d4  cxd4  6. cxd4  Qb6  7. Bxc6  dxc6  8. h3  c5  9. Nc3  Nf6  10. Na4  Qc6  11. Nxc5  Nxe4  12. Nxe4  Qxe4+  13. Be3  Bd7  14. O-O  O-O  15. Re1  Qd5  16. Qd2  Rfe8  17. Bh6  Bh8  18.
Ne5  Be6  19. Rad1  Red8  20. Qf4  Qxa2  21. h4  Rd6  22. h5  Qxb2  23.
hxg6  hxg6  24. Qg3  Bd5  25. Ng4  Re6  26. Ne3  Qb5  27. Nf5  Re8  28.
Bg5  Qd7  29. Nh6+  Kf8  30. Qh4  Bg7  31. Ng4  Bb3  32. Rc1  Qxd4  33. Be3  Qb4  34. f3  f5  35. Qh7  fxg4  36. fxg4  Qxg4
 37. Rf1+  Rf6  38. Rxf6+  exf6  39. Bc5+  Kf7  40. Bxa7  Qf4  41. Rb1
Rh8  0-1

[Event "2.liga E 25/26 (Vlcnov-Stare Mesto B)"]
[Site "Vlcnov"]
[Date "2025.10.12"]
[Round "1.5"]
[White "Kapusta, Petr"]
[Black "Vrana, Frantisek"]
[Result "0-1"]
[ECO "C07"]
[WhiteElo "2151"]
[BlackElo "2093"]
[PlyCount "128"]
[EventDate "2025.10.12"]
[TimeControl "90+30"]
[WhiteClock "0:10:35"]
[BlackClock "0:48:18"]

1. e4  e6  2. d4  d5  3. Nd2  c5  4. exd5
Qxd5  5. Ngf3  cxd4  6. Bc4  Qd6  7. O-O  Nf6  8. Re1  Nc6  9. Ne4  Nxe4
 10. Rxe4  Be7  11. Bf4  Qc5  12. Bd3  Bd7
13. Ne5  Rd8  14. Qh5  g6  15. Qh6  Bf8  16. Qg5  Be7  17. Qg3  Bf6  18.
Ng4  Be7  19. Nh6  Qh5  20. Be2  Qh4  21. Bd3  Qxg3  22. fxg3  Kf8  23. Rf1
 f5  24. Re2  Kg7  25. g4  g5  26. gxf5  Kxh6
 27. fxe6  Be8  28. Bd2  Kg7  29. Rf5  Bg6
30. Rb5  Bxd3  31. cxd3  Kg6  32. h4  gxh4  33. Re4  h5  34. Be1  a6  35.
Rxb7  Rb8  36. Rc7  Rhc8  37. Rd7  h3  38. b3  Rb5  39. gxh3  Rc5  40.
Bf2  Rc3  41. Kf1  Rf8  42. Ke1  Bb4  43. e7
Rc2+  44. Kd1  Rd2+  45. Kc1  Nxe7  46. Re6+  Kf5  47. Rexe7  Rxf2  48. Rd5+  Kg6  49. Re6+  Kg7  50.
Rd7+  R8f7  51. Rxf7+  Kxf7  52. Rxa6  Rh2  53. a3  Bd2+  54. Kd1  Bc3  55.
b4  Rxh3  56. Kc2  h4  57. Rh6  Rh1  58. b5
Ke7  59. Kb3  h3  60. Kc4  h2  61. a4  Bd2  62. Rh7+  Kd6  63. Kxd4  Be3+
 64. Ke4  Re1  0-1

[Event "2.liga E 25/26 (Vlcnov-Stare Mesto B)"]
[Site "Vlcnov"]
[Date "2025.10.12"]
[Round "1.6"]
[White "Shanel, Jaroslav"]
[Black "Mostek, Jan"]
[Result "1/2-1/2"]
[ECO "C01"]
[WhiteElo "2032"]
[BlackElo "1981"]
[PlyCount "85"]
[EventDate "2025.10.12"]
[TimeControl "90+30"]
[WhiteClock "0:25:39"]
[BlackClock "0:25:35"]

1. e4  e6  2. d4  d5  3. exd5  exd5  4. c4
Nf6  5. Nf3  Bb4+  6. Nc3  O-O  7. a3  Re8+  8. Be2  Bxc3+  9. bxc3
Qe7  10. Bg5  Bg4  11. Bxf6  Qxf6  12. O-O  dxc4  13. h3  Bh5  14. g4
Bg6  15. Ne5  Nc6  16. Nxg6  hxg6  17. Bxc4  Na5  18. Ba2  Rad8  19. Re1 
b6  20. Qa4  Qc6  21. Qxc6  Nxc6  22. Re3  Kf8  23. Rf3  Re7  24. Kg2  Rd6
 25. g5  Nd8  26. h4  Ke8  27. Bc4  Kd7  28.
Re3  c6  29. Kg3  Rxe3+  30. fxe3  Ke7  31. a4  Ne6  32. a5  b5  33. Be2  f6  34. gxf6+  gxf6  35. h5  gxh5  36. Rh1
Rd5  37. Bxh5  Kd6  38. Bf3  Rg5+  39. Kf2  c5  40. Rh8  cxd4  41. exd4 
Rg7  42. Rb8  Rc7  43. Rxb5  1/2-1/2

[Event "2.liga E 25/26 (Vlcnov-Stare Mesto B)"]
[Site "Vlcnov"]
[Date "2025.10.12"]
[Round "1.7"]
[White "Knotek, Josef"]
[Black "Mrkus, Frantisek"]
[Result "1/2-1/2"]
[ECO "D45"]
[WhiteElo "1896"]
[BlackElo "2106"]
[PlyCount "48"]
[EventDate "2025.10.12"]
[TimeControl "90+30"]
[WhiteClock "1:03:46"]
[BlackClock "0:37:15"]

1. d4  d5  2. Nf3  Nf6  3. c4  c6  4. e3  e6
 5. Nc3  Nbd7  6. Bd3  Bd6  7. cxd5  exd5  8.
O-O  O-O  9. e4  dxe4  10. Nxe4  Nxe4  11. Bxe4  Nf6  12. Bc2  Qc7  13. Bg5
 Nd5  14. Re1  Bg4  15. h3  Bxf3  16. Qxf3
Bf4  17. Bxf4  Qxf4  18. Qxf4  Nxf4  19. Re7  Rab8  20. Bb3  Ng6  21. Ree1
Nf4 22. Re7  Ng6  23. Rd7  Nf4
 24. Re7  Rfd8  1/2-1/2

[Event "2.liga E 25/26 (Vlcnov-Stare Mesto B)"]
[Site "Vlcnov"]
[Date "2025.10.12"]
[Round "1.8"]
[White "Vavruska, Antonin"]
[Black "Zalesak, Robert"]
[Result "1-0"]
[ECO "C47"]
[WhiteElo "1962"]
[BlackElo "1886"]
[PlyCount "77"]
[EventDate "2025.10.12"]
[TimeControl "90+30"]
[WhiteClock "0:15:28"]
[BlackClock "0:02:09"]

1. e4  e5  2. Nf3  Nc6  3. Nc3  Nf6  4. d4
exd4  5. Nd5  Be7  6. Nxd4  O-O  7. Nb5  Nxd5  8. exd5  Ne5  9. d6  cxd6
 10. Be2  a6  11. Nxd6  Qb6  12. Nxc8  Raxc8
13. O-O  Rfd8  14. Qd5  Bf6  15. c3  Qc6  16. Rd1  Qxd5  17. Rxd5  d6  18.
Bf4  Kf8  19. Rad1  Ke7  20. h3  g6  21. Bc1
Rc5  22. f4  Rxd5  23. Rxd5  Nd7  24. Be3  Rc8  25. Bf3  Bg7  26. g4  Rc7
 27. Kf2  Bh8  28. Ke2  Bg7  29. h4  Bh8  30.
h5  Bg7  31. Rd1  Nc5  32. Rh1  b5  33. Rd1
b4  34. cxb4  Na4  35. Rc1  Kd7  36. Rxc7+  Kxc7  37. Bd5  gxh5  38. gxh5  Bxb2  39. Bxf7  1-0